 Dungeon Crawl Stone Soup version 0.30-a0-883-g5ad918d77d (webtiles) character file.

Game seed: 5424113161955329756

127900 Newt the Covert (level 16, -10/103 HPs)
             Began as a Demonspawn Gladiator on Mar 16, 2023.
             Was the Champion of Hepliaklqana.
             Shot with an arrow by a satyr (24 damage)
             ... on level 4 of the Shoals.
             The game lasted 00:44:40 (24714 turns).

Newt the Covert (Demonspawn Gladiator)             Turns: 24714, Time: 00:44:41

Health: -10/103    AC: 25    Str: 21    XL:     16   Next: 17%
Magic:  14/24      EV: 23    Int: 16    God:    Hepliaklqana [******]
Gold:   2245       SH:  0    Dex: 17    Spells: 21/30 levels left

rFire   + + +      SeeInvis .    Z - +7 Spriggan's Knife {stab, EV+4 Stlth+}
rCold   + . .      Faith    .    (no shield)
rNeg    . . .      Spirit   .    e - +5 ring mail "Xurun" {Drain rF+++ Str+3 Slay+5}
rPois   .          Reflect  .    S - +2 hat {Stlth+}
rElec   .          Rampage  .    q - +2 cloak {Will+}
rCorr   .                        r - +2 pair of gloves
Will    ++...                    k - +1 pair of boots
Stlth   +++++++                  R - amulet of regeneration
HPRegen 1.17/turn                B - +5 ring of evasion
MPRegen 0.19/turn                y - +4 ring of protection

@: about to teleport, afraid
A: reduced essence, antennae 2, demonic guardian 2, big brain 2, demonic magic
2, cold resistance 1, low MP 1
}: 1/15 runes: barnacled
a: Renounce Religion, Recall Ancestor, Ancestor Identity, Transference, Idealise


You were on level 4 of the Shoals.
You worshipped Hepliaklqana.
Hepliaklqana was exalted by your worship.
You visited 5 branches of the dungeon, and saw 23 of its levels.
You also visited: Ossuary.

You collected 3641 gold pieces.
You spent 1396 gold pieces at shops.

Inventory:

Hand Weapons
 b - the +9 sling "No More Talking" {drain, Drain rF+ Int+3}
   (You found it on level 1 of the Shoals)

   Int:       It affects your intelligence (+3).
   rF:        It protects you from fire.
   Drain:     It drains your maximum health when unequipped.
 Z - the +7 Spriggan's Knife (weapon) {stab, EV+4 Stlth+}
   (You bought it in a shop on level 11 of the Dungeon)

   Stab:      It is more effective when stabbing unaware enemies, sometimes
   treating them as though they were completely helpless.
   EV:        It affects your evasion (+4).
   Stlth:     It makes you more stealthy.
Missiles
 d - 4 throwing nets (quivered)
 n - 8 curare-tipped darts
 K - 8 javelins
Armour
 e - the +5 ring mail "Xurun" (worn) {Drain rF+++ Str+3 Slay+5}
   (You found it on level 7 of the Dungeon)

   Str:       It affects your strength (+3).
   Slay:      It affects your accuracy & damage with ranged weapons and melee
   (+5).
   rF:        It renders you almost immune to fire.
   Drain:     It drains your maximum health when unequipped.
 k - a +1 pair of boots (worn)
 q - a +2 cloak of willpower (worn)
 r - a +2 pair of gloves (worn)
 G - a +3 leather armour of willpower
 P - a +0 kite shield
 S - a +2 hat of stealth (worn)
Jewellery
 g - an amulet of the acrobat
 m - a ring of protection from fire
 y - a +4 ring of protection (right hand)
 B - a +5 ring of evasion (left hand)
 D - a ring of poison resistance
 N - a ring of protection from cold
 Q - a ring of protection from cold
 R - an amulet of regeneration (around neck)
 X - the ring of Skepticism {rF+ rN+ Dex-4 SInv}
   (You found it on level 10 of the Dungeon)

   [ring of protection from fire]

   Dex:       It affects your dexterity (-4).
   rF:        It protects you from fire.
   rN:        It protects you from negative energy.
   SInv:      It lets you see invisible.
Wands
 o - a wand of mindburst (15)
 s - a wand of polymorph (11)
 v - a wand of digging (2)
 A - a wand of roots (13)
 I - a wand of charming (20)
 T - a wand of flame (57)
Scrolls
 a - a scroll of summoning {unknown}
 c - 5 scrolls of identify
 h - 6 scrolls of amnesia
 j - 2 scrolls of fog
 x - 8 scrolls of teleportation
 J - 6 scrolls of enchant armour
 L - 3 scrolls of magic mapping
 M - a scroll of brand weapon
 V - 3 scrolls of blinking
 W - 4 scrolls of fear
Potions
 f - 4 potions of heal wounds
 i - 2 potions of mutation
 l - 4 potions of haste
 p - 2 potions of lignification
 t - 6 potions of flight
 u - 4 potions of brilliance
 w - 3 potions of might
 z - 3 potions of cancellation
 E - 6 potions of curing
 F - 2 potions of ambrosia
 H - 2 potions of magic
 O - a potion of invisibility
 U - a potion of berserk rage
 Y - 2 potions of resistance


   Skills:
 - Level 7.1 Fighting
 + Level 11.8(12.9) Short Blades
 - Level 8.5(11.3) Long Blades
 - Level 1.7 Throwing
 - Level 5.3 Armour
 - Level 6.1 Dodging
 - Level 14.0 Stealth
 - Level 7.5 Spellcasting
 - Level 10.5 Conjurations
 - Level 7.3 Hexes
 - Level 8.2 Fire Magic
 - Level 9.0 Invocations


You had 21 spell levels left.
You knew the following spells:

 Your Spells              Type           Power      Damage    Failure   Level
a - Inner Flame           Hex/Fire       31%        N/A       2%          3
b - Scorch                Fire           64%        2d8       1%          2
c - Sticky Flame          Conj/Fire      36%        2d6       3%          4

Your spell library contained the following spells:

 Spells                   Type           Power      Damage    Failure   Level
 Magic Dart               Conj           100%       1d8       1%          1
 Flame Wave               Conj/Fire      36%        2d10      3%          4
 Fulminant Prism          Conj/Hex       17%        3d11      4%          4
 Mephitic Cloud           Conj/Pois/Air  17%        N/A       13%         3
 Necrotise                Necr           24%        1d5       19%         1
 Ignite Poison            Fire/Tmut/Pois 14%        N/A       19%         3
 Kindle Blastsparks       Fire/Tloc/Air  28%        2d12      19%         3
 Iskenderun's Mystic Bla  Conj/Tloc      22%        2d6       22%         4
 Call Imp                 Summ           6%         N/A       28%         2
 Cigotuvi's Dreadful Rot  Necr/Pois/Air  12%        N/A       28%         2
 Poisonous Vapours        Pois/Air       12%        N/A       28%         2
 Anguish                  Hex/Necr       8%         N/A       38%         4
 Vampiric Draining        Necr           6%         2d6       50%         3
 Metabolic Englaciation   Hex/Ice        8%         N/A       75%         5
 Summon Mana Viper        Hex/Summ       17%        N/A       75%         5
 Freezing Cloud           Conj/Ice/Air   8%         6-21      77%         5
 Petrify                  Tmut/Erth      6%         N/A       88%         4
 Agony                    Necr           6%         N/A       99%         5
 Lee's Rapid Deconstruct  Erth           3%         3d5*      99%         5
 Summon Forest            Summ/Tloc      3%         N/A       99%         5
 Statue Form              Tmut/Erth      4%         N/A       100%        6
 Summon Cactus Giant      Summ           3%         N/A       100%        6
 Enfeeble                 Hex            14%        N/A       100%        7


Dungeon Overview and Level Annotations

Branches:
Dungeon (11/15)            Temple (1/1) D:4            Lair (5/5) D:8
 Shoals (4/4) Lair:3        Snake (0/4) Lair:2        Slime (0/5) Lair:5
    Orc (2/2) D:10            Elf (0/3) Orc:2       Ossuary (visited)

Altars:
Ashenzari
Cheibriados
Dithmenos
Fedhas
Gozag
Hepliaklqana
Kikubaaqudgha
Makhleb
Nemelex Xobeh
Okawaru
Qazlal
Ru
Sif Muna
Trog
Uskayaw
Vehumet
Wu Jian
Xom
Yredelemnul

Shops:
D:8 *   D:11 (   Orc:2 !([*   Shoals:2 (   Shoals:3 *

Portals:
Trove: D:11 (give +2 gold dragon scales)


Innate Abilities, Weirdness & Mutations

Your life essence is reduced to manifest your ancestor. (-10% HP)
You have a pair of antennae on your head.
A demonic guardian rushes to your aid.
You have an extremely huge brain. (Int +4)
Spells you cast may paralyse nearby enemies.
Your flesh is cold resistant. (rC+)
Your magical capacity is low. (-10% MP)


Message History

The sea snake completely misses you.
The snapping turtle bites you but does no damage.
The sphinx casts a spell.
You easily resist.
You miss the sea snake.
The sea snake is moderately wounded.
The sea snake completely misses you.
You hit the sea snake.
The sea snake is moderately wounded.
The snapping turtle bites you from afar!
* * * LOW HITPOINT WARNING * * *
Unknown command.
You barely miss the sea snake.
The sea snake is moderately wounded.
The manticore closely misses you. The manticore claws you!
* * * LOW HITPOINT WARNING * * *
A demonic guardian appears!
The manticore barely misses you.
The sea snake bites you but does no damage.
Unknown command.
You hit the sea snake.
The sea snake is moderately wounded.
Your surroundings suddenly seem different.
An alligator snapping turtle comes into view.
Unknown command.
The merfolk throws a boomerang.
The boomerang barely misses you.
A sea snake comes into view.
Unknown command.
The satyr plays a frightful melody on his pipes!
The satyr radiates an aura of fear!
You are terrified of the satyr!
The merfolk throws a boomerang.
The boomerang misses you.
You cannot move closer to the satyr!
Unknown command.
The satyr plays a lulling melody on his pipes!
You fall asleep.
The satyr shoots an arrow.
The arrow hits you!
You wake up.
* * * LOW HITPOINT WARNING * * *
As you read the scroll of teleportation, it crumbles to dust.
You feel strangely unstable.
The satyr shoots an arrow.
The arrow hits you!!
You die...

###..c##''##.# ..
#....#....#.# ~
~~..~~..~..m.. ####≈
~....##....#... ...≈≈≈
~~##### .c.#m. ..#≈≈≈ ~
~~###S##..## #c..≈≈≈
~~##~~~........##.~.#≈≈≈
...#~~~~.........~..≈≈≈
###~~~#..##.~...@...#≈≈
#~~~#.#~...###.....#.≈≈≈
#~~##)..)~..:#....## ≈≈
#~~m.).))....##..##
~~R##(..4...|.##.#
#~~~###....### ≈≈≈
###~~~#####[≈≈ ≈≈≈≈
..R..~~~# ≈≈ ≈≈≈≈
#.†..#### ≈


You could see a satyr (scary), a sea snake (wandering), a merfolk and a merfolk
siren.

Vanquished Creatures
  Rupert (Lair:4)
  A kraken (Shoals:1)
  Louise (Shoals:2)
  2 frost giants (Shoals:1)
  An orc warlord (Orc:1)
  Nessos (Lair:3)
  A minotaur (Shoals:4)
  Snorg (D:11)
  A merfolk impaler (Shoals:3)
  4 hydras
  An ice dragon (Lair:5)
  An alligator (Lair:5)
  A merfolk avatar (Shoals:2)
  A centaur warrior (D:10)
  A boulder beetle (Lair:2)
  2 catoblepae
  3 merfolk aquamancers
  6 satyrs
  A two-headed ogre (D:8)
  A skyshark (Lair:2)
  Amaemon (Lair:1)
  4 sea snakes
  A kraken simulacrum (Shoals:1)
  10 harpies
  A deep elf pyromancer (Orc:2)
  A lindwurm (Lair:4)
  13 fauns
  4 orc sorcerers
  8 elephants
  A cyclops (D:6)
  4 manticores
  2 merfolk sirens
  3 black mambas
  A water nymph (Shoals:3)
  An orange demon (Lair:1)
  4 torpor snails (Lair:5)
  10 cane toads
  A gargoyle (D:10)
  5 komodo dragons
  A rime drake (Lair:1)
  12 polar bears
  2 tyrant leeches (Lair:5)
  2 trolls
  4 wind drakes
  Prince Ribbit (D:7)
  7 merfolk
  6 hornets (Lair:5)
  A raiju (Lair:5)
  2 slime creatures (Lair:5)
  7 dream sheep
  17 blink frogs
  6 snapping turtles
  A shadow (D:11)
  7 water elementals
  2 wyverns
  5 wraiths
  3 basilisks
  21 yaks
  3 alligator snapping turtle simulacra (Shoals:1)
  A steam dragon (D:9)
  3 death yak simulacra (Shoals:1)
  5 wargs
  A harpy simulacrum (Shoals:1)
  3 sea snake simulacra (Shoals:1)
  9 hell hounds (Lair:5)
  Duvessa (D:7)
  6 water moccasins
  24 orc warriors
  10 black bears
  A swamp drake (Orc:2)
  An ice beast (D:5)
  A sky beast (D:8)
  A satyr simulacrum (Shoals:1)
  7 ogres
  5 centaurs
  23 wolves
  A phantom (D:5)
  4 kobold brigands
  3 bullfrogs
  14 scorpions
  3 merfolk simulacra (Shoals:1)
  2 gnoll sergeants (D:9)
  4 wights (D:8)
  Dowan (D:7)
  7 killer bees
  2 manticore simulacra (Shoals:1)
  3 snapping turtle simulacra (Shoals:1)
  An electric eel (Lair:4)
  3 howler monkeys
  A crimson imp (D:4)
  2 centaur zombies (Ossuary)
  4 hounds
  5 jellies
  Crazy Yiuf (D:3)
  19 orc priests
  2 gnoll boudas
  6 scorpion zombies (Ossuary)
  7 iguanas
  18 orc wizards
  3 mummies (Ossuary)
  Robin (D:2)
  9 adders
  17 gnolls
  3 shadow imps
  A white imp (D:6)
  2 ufetubi (D:5)
  A worm zombie (D:5)
  A dart slug (D:4)
  60 orcs
  2 endoplasms
  3 giant cockroaches
  A gnoll zombie (Ossuary)
  16 goblins
  10 hobgoblins
  5 jackals (D:4)
  5 quokkas
  5 ball pythons
  5 bats
  3 frilled lizards
  2 goblin zombies (Ossuary)
  2 hobgoblin zombies (Ossuary)
  23 kobolds
  2 kobold zombies (Ossuary)
  3 orc zombies (Ossuary)
  4 rats
621 creatures vanquished.

Vanquished Creatures (collateral kills)
  Gastronok (Lair:3)
  A frost giant (Shoals:1)
  An orc warlord (Orc:2)
  Josephine (Orc:2)
  2 merfolk impalers
  The ghost of AverageBear the Severer, a journeyman OpFi of Gozag (Lair:3)
  A hydra (Lair:5)
  A catoblepas (Lair:5)
  3 merfolk aquamancers
  An orc high priest (Orc:2)
  2 skysharks
  3 sea snakes
  5 harpies
  A lindwurm (Lair:5)
  An orc knight (Orc:2)
  A deep elf zephyrmancer (Orc:2)
  4 manticores
  2 fauns
  A cyclops (Shoals:1)
  A merfolk siren (Shoals:2)
  2 elephants
  2 water nymphs
  A black mamba (Lair:4)
  3 cane toads
  A torpor snail (Lair:5)
  A komodo dragon (Lair:5)
  3 hornets
  7 merfolk
  2 tyrant leeches (Lair:5)
  2 polar bears (Lair:2)
  4 trolls
  A wind drake (Shoals:4)
  2 blink frogs
  A snapping turtle (Shoals:2)
  4 dream sheep
  A shadow (D:11)
  A slime creature (Lair:5)
  4 water elementals
  3 wyverns
  A yak (Lair:2)
  3 wraiths
  2 vampires (D:11)
  A steam dragon (D:9)
  2 wargs
  3 nagas (Lair:2)
  6 water moccasins
  7 hell hounds (Lair:5)
  3 black bears (Lair:5)
  9 orc warriors
  2 ogres (Orc:2)
  9 wolves
  A kobold brigand (D:10)
  3 bullfrogs
  2 faun simulacra (Shoals:1)
  3 killer bees
  A crimson imp (Orc:2)
  A jelly (D:7)
  An iron imp (Orc:2)
  2 orc priests (Orc:2)
  An iguana (D:7)
  9 orc wizards
  3 gnolls (D:9)
  A white imp (Orc:2)
  23 orcs
  An endoplasm (D:3)
  2 goblins (D:2)
  3 hobgoblins (D:2)
  5 kobolds
189 creatures vanquished.

Vanquished Creatures (others)
  11 battlemagi
  An orc priest (Orc:2)
  An orc wizard (Orc:2)
  3 ancestors (D:7)
  5 orcs (Orc:2)
  21 fungi
  76 plants
  8 tentacles (Shoals:1)
126 creatures vanquished.

Grand Total: 936 creatures vanquished

Notes
Turn   | Place    | Note
-------+----------+-------------------------------------------
     0 | D:1      | Newt the Demonspawn Gladiator began the quest for the Orb.
     0 | D:1      | Reached XP level 1. HP: 16/16 MP: 1/1
   374 | D:1      | Gained mutation: You have a pair of small antennae on your
                  | head. [demonic ancestry]
   374 | D:1      | Reached XP level 2. HP: 23/23 MP: 2/2
  1138 | D:2      | Gained mutation: A weak demonic guardian rushes to your
                  | aid. [demonic ancestry]
  1138 | D:2      | Reached XP level 3. HP: 16/29 MP: 3/3
  1336 | D:2      | Found a blossoming altar of Fedhas.
  1336 | D:2      | Identified the +5 ring mail of Fallacy {Rampage rElec
                  | rPois}
  1518 | D:2      | Noticed Robin
  1526 | D:2      | Reached skill level 5 in Armour
  1526 | D:2      | Reached XP level 4. HP: 41/43 MP: 4/4
  1549 | D:2      | HP: 2/43 [hobgoblin[Robin] (3)]
  1568 | D:2      | Killed Robin
  2619 | D:3      | Found a broken altar of Ashenzari.
  2663 | D:3      | Reached XP level 5. HP: 48/48 MP: 5/5
  2671 | D:3      | Found a sacrificial altar of Ru.
  3159 | D:3      | Found a runed translucent door.
  3160 | D:3      | Noticed Crazy Yiuf
  3403 | D:3      | Killed Crazy Yiuf
  3656 | D:4      | Identified the +4 falchion "Xyubai" {freeze, rElec rN+}
  3691 | D:4      | Reached skill level 1 in Long Blades
  3691 | D:4      | Gained mutation: Spells you cast may paralyse adjacent
                  | enemies. [demonic ancestry]
  3691 | D:4      | Reached XP level 6. HP: 51/55 MP: 6/6
  3786 | D:4      | Found a staircase to the Ecumenical Temple.
  3798 | Temple   | Entered the Ecumenical Temple
  3956 | Temple   | Became a worshipper of Hepliaklqana the Forgotten
  4033 | D:4      | Found a shadowy altar of Dithmenos.
  4249 | D:4      | Found a shimmering altar of Xom.
  4249 | D:4      | Found a burning altar of Makhleb.
  4410 | D:5      | Entered Level 5 of the Dungeon
  4421 | D:5      | Gained mutation: You have an unusually large brain. (Int
                  | +2) [demonic ancestry]
  4421 | D:5      | Reached XP level 7. HP: 53/60 MP: 7/7
  4444 | D:5      | Found a sand-covered staircase.
  4505 | Ossuary  | Entered an ossuary
  4697 | Ossuary  | Reached XP level 8. HP: 47/67 MP: 8/8
  4701 | Ossuary  | Reached skill level 5 in Long Blades
  5016 | Ossuary  | Reached skill level 1 in Spellcasting
  5404 | D:5      | Learned a level 3 spell: Inner Flame
  5555 | D:5      | Found a hide-covered altar of Uskayaw.
  5762 | D:5      | Reached skill level 1 in Hexes
  5762 | D:5      | Reached skill level 1 in Fire Magic
  5814 | D:5      | Reached XP level 9. HP: 72/72 MP: 15/15
  6424 | D:6      | Noticed a cyclops
  6437 | D:6      | Killed a cyclops
  6841 | D:6      | Reached * piety under Hepliaklqana
  7280 | D:7      | Identified the +5 ring mail "Xurun" {Drain rF+++ Str+3
                  | Slay+5}
  7369 | D:7      | Noticed Dowan
  7370 | D:7      | Noticed Duvessa
  7393 | D:7      | Killed Duvessa
  7406 | D:7      | Killed Dowan
  7706 | D:7      | Found an ancient bone altar of Kikubaaqudgha.
  7740 | D:7      | Found a basalt altar of Yredelemnul.
  7748 | D:7      | Noticed an angel
  7916 | D:7      | Noticed Prince Ribbit
  7920 | D:7      | Noticed a troll
  8250 | D:7      | Found an opulent altar of Gozag.
  8292 | D:7      | Reached skill level 5 in Spellcasting
  8386 | D:7      | Found a shimmering blue altar of Sif Muna.
  8647 | D:7      | Killed Prince Ribbit
  8648 | D:7      | Gained mutation: You have a pair of antennae on your head.
                  | [demonic ancestry]
  8648 | D:7      | Reached XP level 10. HP: 53/71 MP: 8/17
  8671 | D:7      | Identified the ring of Intercession {Int+4 SInv}
  9226 | D:8      | Reached skill level 5 in Hexes
  9239 | D:8      | Noticed an elephant
  9248 | D:8      | Killed an elephant
  9249 | D:8      | Reached skill level 5 in Fire Magic
  9499 | D:8      | Found a radiant altar of Vehumet.
  9599 | D:8      | Found a staircase to the Lair.
  9717 | D:8      | Reached ** piety under Hepliaklqana
  9718 | D:8      | Remembered your ancestor Tepiltzin as a battlemage
  9932 | D:8      | Found Lifuxel's General Store.
 10012 | D:8      | Noticed a two-headed ogre
 10017 | D:8      | Killed a two-headed ogre
 10551 | D:9      | Reached XP level 11. HP: 58/75 MP: 16/20
 10769 | D:10     | Entered Level 10 of the Dungeon
 10772 | D:10     | Found a staircase to the Orcish Mines.
 10918 | D:10     | Identified the ring of Skepticism {rF+ rN+ Dex-4 SInv}
 10920 | D:10     | Found a stormy altar of Qazlal.
 10928 | D:10     | Noticed a centaur warrior
 10936 | D:10     | Killed a centaur warrior
 11417 | D:10     | Gained mutation: You occasionally shout uncontrollably at
                  | your foes. [potion of mutation]
 11417 | D:10     | Gained mutation: You occasionally lose the ability to drink
                  | potions when taking damage. [potion of mutation]
 11417 | D:10     | Gained mutation: Your movements are slightly less
                  | encumbered by armour. (ER -2) [potion of mutation]
 11418 | D:10     | Lost mutation: You occasionally shout uncontrollably at
                  | your foes. [potion of mutation]
 11418 | D:10     | Lost mutation: You occasionally lose the ability to drink
                  | potions when taking damage. [potion of mutation]
 11418 | D:10     | Lost mutation: Your movements are slightly less encumbered
                  | by armour. (ER -2) [potion of mutation]
 11418 | D:10     | Gained mutation: Your magical capacity is low. (-10% MP)
                  | [potion of mutation]
 11418 | D:10     | Gained mutation: Your flesh is cold resistant. (rC+)
                  | [potion of mutation]
 11595 | D:10     | Reached *** piety under Hepliaklqana
 12072 | D:11     | Noticed Snorg
 12081 | D:11     | Killed Snorg
 12261 | D:11     | Found Odakhlae's Weapon Emporium.
 12578 | D:11     | Found a portal to a secret trove of treasure.
 12786 | D:11     | Bought the +7 Spriggan's Knife {stab, EV+4 Stlth+} for 954
                  | gold pieces
 12786 | D:11     | Found the +7 Spriggan's Knife {stab, EV+4 Stlth+}
 12868 | Lair:1   | Entered Level 1 of the Lair of Beasts
 12900 | Lair:1   | Reached skill level 5 in Short Blades
 13031 | Lair:1   | Identified a scroll of acquirement
 13031 | Lair:1   | Acquired 834 gold pieces
 13116 | Lair:1   | Reached **** piety under Hepliaklqana
 13135 | Lair:1   | Gained mutation: A demonic guardian rushes to your aid.
                  | [demonic ancestry]
 13135 | Lair:1   | Reached XP level 12. HP: 81/81 MP: 18/18
 13138 | Lair:1   | Learned a level 2 spell: Scorch
 13504 | Lair:1   | Noticed Amaemon
 13515 | Lair:1   | Killed Amaemon
 14072 | Lair:2   | Reached skill level 1 in Stealth
 14078 | Lair:2   | Reached skill level 2 in Stealth
 14080 | Lair:2   | Reached skill level 3 in Stealth
 14088 | Lair:2   | Reached skill level 4 in Stealth
 14098 | Lair:2   | Found a staircase to the Snake Pit.
 14113 | Lair:2   | Reached skill level 5 in Stealth
 14239 | Lair:2   | Reached skill level 6 in Stealth
 14248 | Lair:2   | Reached skill level 7 in Stealth
 14426 | Lair:2   | Reached skill level 8 in Stealth
 14507 | Lair:2   | Noticed a boulder beetle
 14512 | Lair:2   | You fall into a shaft and drop 2 floors!
 14549 | Lair:4   | Noticed Rupert
 14565 | Lair:4   | Killed Rupert
 14595 | Lair:4   | Reached XP level 13. HP: 86/86 MP: 8/19
 14774 | Lair:4   | Reached skill level 9 in Stealth
 14786 | Lair:4   | Reached skill level 1 in Invocations
 14816 | Lair:4   | Reached ***** piety under Hepliaklqana
 14993 | Lair:4   | Reached skill level 5 in Invocations
 15540 | Lair:5   | Entered Level 5 of the Lair of Beasts
 15549 | Lair:5   | Found a staircase to the Slime Pits.
 15703 | Lair:5   | Reached skill level 1 in Conjurations
 15940 | Lair:5   | Identified the +5 arbalest of Fabulous Offence {heavy,
                  | rElec rN++ Stlth-}
 16161 | Lair:5   | Learned a level 4 spell: Sticky Flame
 16385 | Lair:5   | Found a runed translucent door.
 16389 | Lair:5   | Reached skill level 5 in Conjurations
 16701 | Lair:5   | Gained mutation: Spells you cast may paralyse nearby
                  | enemies. [demonic ancestry]
 16701 | Lair:5   | Reached XP level 14. HP: 72/92 MP: 15/22
 17518 | Lair:3   | Found a staircase to the Shoals.
 17564 | Lair:3   | Noticed Nessos
 17570 | Lair:3   | Killed Nessos
 18124 | Lair:3   | Noticed Gastronok
 18136 | Lair:3   | Killed Gastronok
 18165 | Lair:3   | Found a runed translucent door.
 18166 | Lair:3   | Noticed AverageBear's ghost (journeyman OpFi)
 18371 | Lair:3   | Killed AverageBear's ghost
 19185 | Orc:1    | Entered Level 1 of the Orcish Mines
 19188 | Orc:1    | Noticed an orc warlord
 19209 | Orc:1    | Killed an orc warlord
 19342 | Orc:1    | Reached skill level 10 in Conjurations
 19555 | Orc:2    | Entered Level 2 of the Orcish Mines
 19628 | Orc:2    | Noticed Josephine
 19643 | Orc:2    | Killed Josephine
 20041 | Orc:2    | Reached ****** piety under Hepliaklqana
 20105 | Orc:2    | Found Muxe's Distillery.
 20127 | Orc:2    | Bought a potion of heal wounds for 75 gold pieces
 20127 | Orc:2    | Bought 2 potions of heal wounds for 150 gold pieces
 20365 | Orc:2    | Noticed an orc warlord
 20369 | Orc:2    | Reached skill level 10 in Stealth
 20377 | Orc:2    | Found Lademoob's Antique Weapon Boutique.
 20384 | Orc:2    | Killed an orc warlord
 20393 | Orc:2    | Found a staircase to the Elven Halls.
 20418 | Orc:2    | Found Levoseeq's General Store.
 20689 | Orc:2    | Found Fiuve's Antique Armour Shop.
 20993 | Orc:2    | Bought a pair of runed boots for 217 gold pieces
 21196 | Shoals:1 | Entered Level 1 of the Shoals
 21363 | Shoals:1 | Noticed a frost giant
 21364 | Shoals:1 | Noticed a frost giant
 21365 | Shoals:1 | Noticed a frost giant
 21366 | Shoals:1 | Found a runed translucent gate.
 21366 | Shoals:1 | Found a runed translucent gate.
 21366 | Shoals:1 | Found a runed translucent gate.
 21378 | Shoals:1 | Reached skill level 11 in Stealth
 21378 | Shoals:1 | Reached XP level 15. HP: 90/97 MP: 19/23
 21451 | Shoals:1 | Killed a frost giant
 21451 | Shoals:1 | Killed a frost giant
 21457 | Shoals:1 | Killed a frost giant
 21458 | Shoals:1 | Reached skill level 12 in Stealth
 21600 | Shoals:1 | Identified the +9 sling "No More Talking" {drain, Drain rF+
                  | Int+3}
 22049 | Shoals:1 | Noticed a kraken
 22062 | Shoals:1 | Killed a kraken
 22063 | Shoals:1 | Reached skill level 13 in Stealth
 22680 | Shoals:2 | Found Lukorch's Antique Weapon Boutique.
 22715 | Shoals:2 | Noticed Louise
 22737 | Shoals:2 | Killed Louise
 22960 | Shoals:2 | Reached skill level 14 in Stealth
 23615 | Shoals:3 | Identified the +1 chain mail of Toimeux {rF+ Slay+2}
 23697 | Shoals:3 | Found Xijeemit's General Store.
 23774 | Shoals:3 | Reached skill level 10 in Short Blades
 24262 | Shoals:4 | Entered Level 4 of the Shoals
 24334 | Shoals:4 | Gained mutation: You have an extremely huge brain. (Int +4)
                  | [demonic ancestry]
 24334 | Shoals:4 | Reached XP level 16. HP: 88/103 MP: 3/24
 24372 | Shoals:4 | HP: 2/103 [faun/+0 spear[a satyr] (12)]
 24660 | Shoals:4 | Noticed a sphinx
 24661 | Shoals:4 | Paralysed by a sphinx for 5 turns
 24699 | Shoals:4 | Got a barnacled rune of Zot
 24714 | Shoals:4 | Shot with an arrow by a satyr

Illustrated notes

Levels and vault maps discovered:
D:1:      amcnicky_arrival_single_pillar, layout_basic
D:2:      layout_basic, basic_altar, uniq_robin
D:3:      layout_rooms, nicolae_ru_awakened_eye,
          mainiacjoe_overflow_tiny_flanked, uniq_crazy_yiuf_cottage
D:4:      layout_cave_pools, grunt_temple_overflow_champion_of_chaos,
          mainiacjoe_overflow_surrounded_room, minmay_temple_entry_proselytizer
D:5:      layout_gridville, eat_drink_and_be_merry_uskayaw, enter_ossuary_3,
          serial_bayou, serial_bayou_lagoon_a, serial_bayou_pond_b,
          serial_bayou_pond_e, serial_bayou_pond_e, minmay_fountain_box
D:6:      layout_loops_cross, marbit_many_paths
D:7:      kennysheep_six_static_rooms, layout_loops_ring,
          grunt_temple_overflow_holy_war, mainiacjoe_overflow_alcove_1,
          lemuel_tele_altar, mainiacjoe_overflow_six_doors_small,
          kennysheep_windowed_goal, uniq_duvessa, uniq_prince_ribbit1
D:8:      layout_basic, fiery_altar_vehumet, david_lair_generic,
          nicolae_take_the_stairs
D:9:      layout_rooms
D:10:     layout_basic, mainiacjoe_overflow_concentric_impassable, orc_david_3,
          serial_bayou_crossing
D:11:     layout_basic, serial_shops, shop_fountains,
          nicolae_trove_entry_crossroad, uniq_snorg
Temple:   hellmonk_temple_flake
Lair:1:   layout_regular_city, st_stairs_5, chequers_serial_rivers_micro_d,
          grunt_megastairs_5, uniq_amaemon
Lair:2:   layout_chaotic_city, guppyfry_snake_entry_island,
          cheibrodos_lair_lostbears
Lair:3:   layout_roguey, shoals_dummy_entry, ebering_ghost_inner_flame,
          minivault_19, uniq_nessos, uniq_gastronok
Lair:4:   layout_loops_ring, beast_lair_carwin_4, serial_bayou_shore_a,
          grunt_megastairs_4, uniq_rupert
Lair:5:   hangedman_lair_caniforms_friends, layout_regular_city, wormcave,
          minmay_slime_entry_pillars
Shoals:1: layout_shoals, nicolae_shoals_beach_cooler
Shoals:2: layout_shoals, serial_shops, nicolae_shop_overgrown_old_shop,
          nicolae_shoals_square_sea_wall, nicolae_shoals_dead_sea_scrolls,
          uniq_louise
Shoals:3: layout_shoals, serial_shops, nicolae_shop_hallway_stairs,
          nicolae_splish_splash
Shoals:4: shoals_end_hellmonk_lost_city
Orc:1:    layout_caves
Orc:2:    grunt_orc_community_town_hall, layout_diamond_mine,
          grunt_orc_community_big_house_1, grunt_orc_community_big_house_2,
          grunt_orc_community_house_2, grunt_orc_community_house_1,
          grunt_orc_community_house_1, grunt_orc_community_house_1,
          grunt_orc_community_house_3, hangedman_minor_magic, uniq_josephine

Skill      XL: |  1  2  3  4  5  6  7  8  9 10 11 12 13 14 15 16 |
---------------+-------------------------------------------------+-----
Fighting       | 3 7 |  7.1
Armour         | 5 |  5.3
Dodging        | 6 |  6.1
Short Blades   | 3 6 8 10 11 | 11.8
Long Blades    | 1 3 4 5 8 |  8.5
Spellcasting   | 4 5 6 7 |  7.5
Hexes          | 1 4 6 7 |  7.3
Fire Magic     | 1 4 6 7 8 |  8.2
Stealth        | 8 9 11 14 | 14.0
Invocations    | 9 |  9.0
Conjurations   | 5 10 | 10.5
Throwing       | |  1.7

Action                     |  1- 3 |  4- 6 |  7- 9 | 10-12 | 13-15 | 16-18 || total
---------------------------+-------+-------+-------+-------+-------+-------++-------
  Melee: Rapier            |    47 |       |       |       |       |       ||    47
         Dagger            |    66 |   192 |       |       |       |       ||   258
         Punch             |       |     4 |     8 |     5 |    19 |       ||    36
         Falchion          |       |    89 |   463 |   163 |       |       ||   715
         Knife             |       |       |       |   161 |   806 |    39 ||  1006
  Throw: Throwing net      |     1 |     3 |       |       |     2 |       ||     6
         Javelin           |       |     2 |     1 |       |     3 |       ||     6
         Dart              |       |       |     5 |       |     1 |       ||     6
   Cast: Inner Flame       |       |       |     4 |    45 |   104 |     7 ||   160
         Scorch            |       |       |       |    27 |    51 |     4 ||    82
         Sticky Flame      |       |       |       |       |    13 |     2 ||    15
 Invoke: Ancestor Life: Ba |       |       |       |     1 |       |       ||     1
         Recall Ancestor   |       |       |       |     1 |       |       ||     1
  Evoke: Wand              |       |       |     1 |       |     9 |       ||    10
    Use: Scroll            |     5 |     2 |     8 |    11 |     2 |     7 ||    35
         Potion            |     2 |     2 |       |     2 |     3 |     6 ||    15
   Stab: Sleeping          |       |     1 |       |       |    13 |     1 ||    15
         Held in net/web   |       |     1 |       |       |       |       ||     1
         Paralysed         |       |       |     2 |    27 |    52 |     5 ||    86
         Distracted        |       |       |       |    14 |    32 |     1 ||    47
         Petrified         |       |       |       |       |     2 |       ||     2
         Invisible         |       |       |       |       |     1 |       ||     1
 Armour: Leather armour    |    30 |    24 |       |       |       |       ||    54
         Ring mail         |       |    93 |   292 |   123 |   266 |    23 ||   797
  Dodge: Dodged            |    58 |   268 |   430 |   327 |   697 |    62 ||  1842

Table legend: (Time is in decaauts)
 A = Elapsed time spent in this place.
 B = Non-inter-level travel time spent in this place.
 C = Inter-level travel time spent in this place.
 D = Time resting spent in this place.
 E = Time spent auto-exploring this place.
 F = Levels seen in this place.
 G = Mean time per level.
                   A        B        C        D        E       F      G
               +--------+--------+--------+--------+--------+-----+--------+
         Total |  24467 |  23011 |   1456 |   5118 |  13680 |  24 | 1019.5 |
       Dungeon |  12187 |  11174 |   1013 |   2662 |   6784 |  11 | 1107.9 |
        Temple |    168 |    143 |     25 |      0 |    134 |   1 |  168.0 |
          Lair |   6101 |   5863 |    238 |    997 |   3875 |   5 | 1220.2 |
        Shoals |   3576 |   3497 |     79 |   1052 |   1653 |   4 |  894.0 |
  Orcish Mines |   1658 |   1559 |     99 |    247 |    888 |   2 |  829.0 |
       Ossuary |    775 |    775 |      0 |    160 |    345 |   1 |  775.0 |
               +--------+--------+--------+--------+--------+-----+--------+

Top non-repeatable levels by time:
     D:7: 2055 daAuts
  Lair:5: 1824 daAuts
     D:2: 1495 daAuts
   Orc:2: 1412 daAuts
    D:10: 1341 daAuts
Shoals:1: 1263 daAuts
     D:6: 1238 daAuts
  Lair:1: 1179 daAuts
     D:8: 1153 daAuts
  Lair:2: 1121 daAuts
Shoals:3: 1098 daAuts
     D:1: 1065 daAuts
  Lair:4: 1012 daAuts
  Lair:3: 963 daAuts
     D:3: 900 daAuts
